[Event "Titled Tuesday Blitz January 11 2022"]
[White "Abdrlauf, Elham"]
[Black "Omariev, Maksim"]
[WhiteFideId "1533533"]
[BlackFideId "4193423"]
[WhiteElo "2334"]
[BlackElo "2473"]
[Result "1-0"]
[Round "01"]
[TimeControl "180+1"]
[Date "2022.01.11"]
[WhiteClock "0:01:32"]
[BlackClock "0:00:18"]

1. e4 g5 2. d4 h6 3. h4 gxh4 4. Nf3 Bg7 5. Nxh4 d6 6. Nc3 Nc6 7. Be3 e5 8. d5 Nce7 9. Bd3 Nf6 10. Qe2 c6 11. dxc6 bxc6 12. Rd1 Be6 13. Bc4 d5 14. exd5 cxd5 15. Bb5+ Kf8 16. Bc5 Kg8 17. Bxe7 Qxe7 18. Qxe5 d4 19. Nf5 Qb4 20. Nxg7 dxc3 21. bxc3 Qe4+ 22. Qxe4 Nxe4 23. Nxe6 fxe6 24. Bc6 1-0


[Site "https://www.chess.com"]

[Event "Titled Tuesday Blitz January 11 2022"]
[White "Andreikin, Dmitry"]
[Black "Ogloblin, Nikolay"]
[WhiteFideId "4158814"]
[BlackFideId "4139658"]
[WhiteElo "2736"]
[BlackElo "2306"]
[Result "1-0"]
[Round "01"]
[TimeControl "180+1"]
[Date "2022.01.11"]
[WhiteClock "0:00:15"]
[BlackClock "0:00:21"]

1. d4 Nf6 2. c4 e6 3. Nc3 Bb4 4. Qc2 d6 5. Nf3 Nbd7 6. Bd2 c5 7. a3 Ba5 8. e3 O-O 9. Bd3 e5 10. O-O Re8 11. dxe5 dxe5 12. Ng5 h6 13. Nge4 Nxe4 14. Nxe4 Bxd2 15. Qxd2 Qe7 16. Nd6 Rd8 17. Nf5 Qf6 18. Rad1 Nf8 19. Ng3 Be6 20. Qc2 Qe7 21. Be4 Rab8 22. Bd5 b6 23. Rd2 Bxd5 24. cxd5 g6 25. Rfd1 Rd7 26. Ne4 Nh7 27. Qa4 Rbd8 28. Qc6 Kg7 29. h3 f5 30. d6 Qe6 31. Nc3 Nf6 32. Nb5 Ne8 33. Rd5 e4 34. b4 Nf6 35. bxc5 Nxd5 36. Rxd5 bxc5 37. Qxc5 Qf6 38. g3 h5 39. h4 a6 40. Nc7 Kh7 41. Kg2 Rxd6 42. Ne8 Rxe8 43. Rxd6 Qe7 44. Qd4 Kh6 45. Rxa6 Qe5 46. Qd7 Re7 47. Qc6 Rg7 48. a4 Qa1 49. a5 Qd1 50. Qd6 Qxd6 51. Rxd6 Rc7 52. Rd2 Kg7 53. a6 Ra7 54. Rd6 Kf7 55. Rb6 Ra8 56. Rb7+ Ke6 57. a7 Kd6 58. Rb6+ Ke5 59. Rxg6 Rxa7 60. Rh6 Ra2 61. Rxh5 Kf6 62. Rh6+ Kg7 63. Rd6 Rb2 64. Rd5 Kg6 65. g4 fxg4 66. Rg5+ Kf6 67. Rxg4 Kf5 68. Rf4+ Ke5 69. Kg3 Rb8 70. h5 Rg8+ 71. Kh4 Rg1 72. h6 Rh1+ 73. Kg5 Rg1+ 74. Kh5 Rh1+ 75. Rh4 Ra1 76. h7 Ra8 77. Kg6 Ra6+ 78. Kg5 1-0


[Site "https://www.chess.com"]

[Event "Titled Tuesday Blitz January 11 2022"]
[White "Andrejevs, Arvids"]
[Black "Rodrigue-Lemieux, Shawn"]
[WhiteFideId "11602708"]
[BlackFideId "2620049"]
[WhiteElo "2272"]
[BlackElo "1763"]
[Result "0-1"]
[Round "01"]
[TimeControl "180+1"]
[Date "2022.01.11"]
[WhiteClock "0:00:02"]
[BlackClock "0:01:31"]

1. e4 c6 2. d4 d5 3. e5 Bf5 4. g4 Be4 5. f3 Bg6 6. h4 h5 7. Bd3 Bxd3 8. Qxd3 hxg4 9. fxg4 e6 10. Nf3 Be7 11. g5 g6 12. Be3 Na6 13. c3 Qb6 14. Nbd2 c5 15. dxc5 Nxc5 16. Bxc5 Bxc5 17. O-O-O Ne7 18. Nb3 Rc8 19. Kb1 Nf5 20. h5 gxh5 21. Nh4 Nxh4 22. Rxh4 Be7 23. Qg3 Kd7 24. c4 Kc7 25. cxd5 exd5 26. Rxd5 Kb8 27. e6+ Ka8 28. exf7 Qg6+ 29. Qd3 Qxf7 30. Ra4 Rhd8 31. Rad4 Rxd5 32. Rxd5 h4 33. g6 Qf6 34. Rd7 h3 35. a3 h2 36. Qe4 h1=Q+ 37. Qxh1 Qf5+ 38. Ka2 Qxd7 39. g7 Bf6 40. Nc5 Qf7+ 41. Kb1 Bxg7 0-1


[Site "https://www.chess.com"]

[Event "Titled Tuesday Blitz January 11 2022"]
[White "Arakhamia-Grant, Ketevan"]
[Black "Narayanan.S.L"]
[WhiteFideId "13600168"]
[BlackFideId "5058422"]
[WhiteElo "2160"]
[BlackElo "2494"]
[Result "0-1"]
[Round "01"]
[TimeControl "180+1"]
[Date "2022.01.11"]
[WhiteClock "0:00:01"]
[BlackClock "0:01:21"]

1. e4 c5 2. Nf3 Nc6 3. d4 cxd4 4. Nxd4 e5 5. Nb5 d6 6. c4 g6 7. Be2 a6 8. N5c3 Bg7 9. Be3 f5 10. exf5 Bxf5 11. Nd5 Rc8 12. Nbc3 Nf6 13. O-O O-O 14. Qd2 Nd4 15. Bxd4 Nxd5 16. Bxe5 Bxe5 17. Nxd5 b5 18. Rac1 bxc4 19. Rxc4 Rxc4 20. Bxc4 Bxh2+ 21. Kxh2 Qh4+ 22. Kg1 Qxc4 23. Ne7+ Kg7 24. Nxf5+ Rxf5 25. Qxd6 Qxa2 26. Qd4+ Kh6 27. Re1 Qd5 28. Qh4+ Kg7 29. Re7+ Rf7 30. Rxf7+ Qxf7 31. Qd4+ Qf6 32. Qd7+ Kh6 33. Qh3+ Kg7 34. Qd7+ Kh6 35. Qh3+ Kg5 36. Qg3+ Kf5 37. Qf3+ Ke5 38. Qc3+ Ke6 39. Qc6+ Kf7 40. Qb7+ Kg8 41. Qc8+ Kg7 42. Qb7+ Kh6 43. g3 a5 44. Kg2 Qd4 45. Qb5 a4 46. f4 Qe4+ 47. Kf2 Qd4+ 48. Kg2 Kg7 49. Kf3 h5 50. Qb7+ Kh6 51. Qb5 Qd1+ 52. Kf2 Qc2+ 53. Kf3 Qd1+ 54. Kf2 Kg7 55. Qe5+ Kf7 56. Qc7+ Ke6 57. Qe5+ Kd7 58. Qg7+ Kc8 59. Qg8+ Kb7 60. Qg7+ Kc8 61. Qg8+ Kc7 62. Qg7+ Qd7 63. Qxg6 Qd4+ 64. Kf3 Qxb2 65. Qf7+ Kb6 66. Qe6+ Ka5 67. Qd5+ Qb5 68. Qd8+ Kb4 69. Qd4+ Qc4 70. Qb6+ Kc3 0-1


[Site "https://www.chess.com"]

[Event "Titled Tuesday Blitz January 11 2022"]
[White "Babazada, Khazar"]
[Black "Jeet, Jain"]
[WhiteFideId "13413554"]
[BlackFideId "5073022"]
[WhiteElo "2418"]
[BlackElo "2085"]
[Result "1-0"]
[Round "01"]
[TimeControl "180+1"]
[Date "2022.01.11"]
[WhiteClock "0:01:33"]
[BlackClock "0:01:03"]

1. e4 e5 2. Nf3 Nc6 3. Bb5 a6 4. Ba4 Nf6 5. O-O b5 6. Bb3 Bc5 7. d3 d6 8. Nc3 h6 9. Nd5 O-O 10. c3 Bg4 11. h3 Bh5 12. g4 Nxg4 13. hxg4 Bxg4 14. Be3 Na5 15. Bxc5 Nxb3 16. axb3 dxc5 17. Ne3 Bh5 18. Kg2 f5 19. exf5 g6 20. Rh1 Kh7 21. Rxh5 gxh5 22. Kf1 Qf6 23. Qe2 Rad8 24. Re1 Rfe8 25. Nd2 Qh4 26. Qf3 Rxd3 27. Ne4 Rg8 28. Ke2 Rdd8 29. f6 Qf4 30. Qxf4 exf4 31. Nf5 Rgf8 32. Kf3 b4 33. cxb4 cxb4 34. Rg1 Rf7 35. Rg7+ Rxg7 36. fxg7 Kg6 37. Kxf4 h4 38. g8=Q+ Rxg8 39. Ne7+ 1-0


[Site "https://www.chess.com"]

[Event "Titled Tuesday Blitz January 11 2022"]
[White "Babiy, Olga"]
[Black "Bluebaum, Matthias"]
[WhiteFideId "14117258"]
[BlackFideId "24651516"]
[WhiteElo "2252"]
[BlackElo "2550"]
[Result "0-1"]
[Round "01"]
[TimeControl "180+1"]
[Date "2022.01.11"]
[WhiteClock "0:00:04"]
[BlackClock "0:01:15"]

1. d4 Nf6 2. Nf3 d5 3. Bf4 c5 4. e3 Nc6 5. Nbd2 cxd4 6. exd4 Qb6 7. Nb3 Bf5 8. Bd3 Bxd3 9. Qxd3 e6 10. O-O Be7 11. a4 a6 12. a5 Qd8 13. Ne5 Rc8 14. c3 O-O 15. Rfe1 Bd6 16. Bg5 Be7 17. Qf3 Nxe5 18. dxe5 Ne4 19. Bxe7 Qxe7 20. Ra4 Qc7 21. Raxe4 dxe4 22. Rxe4 Rfd8 23. h4 Rd5 24. Qg3 h5 25. Qg5 f6 26. Qxh5 Rxe5 27. Rxe5 Qxe5 28. Qd1 Qd5 29. Qc2 Rd8 30. Kh2 Qd1 31. Qxd1 Rxd1 32. Nc5 Rd2 33. b4 Rxf2 34. Nxb7 Rc2 35. Nc5 Rxc3 36. Nxa6 Rb3 0-1


[Site "https://www.chess.com"]

[Event "Titled Tuesday Blitz January 11 2022"]
[White "Cori T., Deysi"]
[Black "Nakamura, Hikaru"]
[WhiteFideId "3801934"]
[BlackFideId "2016192"]
[WhiteElo "2350"]
[BlackElo "2850"]
[Result "0-1"]
[Round "01"]
[TimeControl "180+1"]
[Date "2022.01.11"]
[WhiteClock "0:00:58"]
[BlackClock "0:02:33"]

1. d4 g6 2. Nf3 Bg7 3. g3 d6 4. Bg2 Bd7 5. O-O Qc8 6. Re1 Bh3 7. Bh1 Nc6 8. c3 h5 9. Qd3 e5 10. dxe5 dxe5 11. Bg5 f6 12. Qxg6+ Kf8 13. Bxf6 Bxf6 14. Ng5 Bxg5 15. Qxg5 Qf5 16. Qe3 h4 17. Nd2 Nf6 18. Nf3 hxg3 19. fxg3 Kg7 20. Rf1 Bxf1 21. Rxf1 Ng4 22. Qc5 Raf8 23. Bg2 e4 0-1


[Site "https://www.chess.com"]

[Event "Titled Tuesday Blitz January 11 2022"]
[White "Costachi, Mihnea"]
[Black "Heinemann, Josefine"]
[WhiteFideId "1217518"]
[BlackFideId "12900460"]
[WhiteElo "2464"]
[BlackElo "2300"]
[Result "1-0"]
[Round "01"]
[TimeControl "180+1"]
[Date "2022.01.11"]
[WhiteClock "0:01:16"]
[BlackClock "0:00:11"]

1. e4 e5 2. Nf3 Nc6 3. Bc4 Bc5 4. d3 a6 5. a3 Nf6 6. Bg5 Be7 7. Nc3 d6 8. h3 O-O 9. Qd2 b5 10. Bb3 Be6 11. Bxf6 Bxf6 12. Nd5 Nb8 13. O-O c6 14. Nxf6+ Qxf6 15. Bxe6 Qxe6 16. d4 Nd7 17. Rad1 Nb6 18. b3 Rad8 19. Qc3 exd4 20. Qxc6 Rb8 21. Nxd4 Qe5 22. Nf5 d5 23. Rfe1 dxe4 24. Qxe4 Qxe4 25. Rxe4 g6 26. Nd6 Rbd8 27. Red4 Nc8 28. Nb7 Rxd4 29. Rxd4 Re8 30. Nc5 a5 31. Kf1 Kg7 32. a4 bxa4 33. Rxa4 Re5 34. Rxa5 Nd6 35. Nb7 Re7 36. Nxd6 1-0


[Site "https://www.chess.com"]

[Event "Titled Tuesday Blitz January 11 2022"]
[White "Danada, Tomas"]
[Black "Holt, Conrad"]
[WhiteFideId "14919362"]
[BlackFideId "2034387"]
[WhiteElo "2051"]
[BlackElo "2586"]
[Result "0-1"]
[Round "01"]
[TimeControl "180+1"]
[Date "2022.01.11"]
[WhiteClock "0:01:25"]
[BlackClock "0:01:54"]

1. d4 d5 2. c4 c6 3. Nc3 dxc4 4. Nf3 Nf6 5. a4 Bf5 6. Nh4 e6 7. Nxf5 exf5 8. Bg5 Bb4 9. e3 Qa5 10. Bxf6 Bxc3+ 11. bxc3 Qxc3+ 12. Ke2 gxf6 13. Kf3 Nd7 14. Rb1 O-O-O 15. Be2 Ne5+ 16. Kf4 Rhg8 17. Kxf5 Qa5 18. Qe1 Qd5 0-1


[Site "https://www.chess.com"]

[Event "Titled Tuesday Blitz January 11 2022"]
[White "Daneshvar, Bardiya"]
[Black "Deac, Bogdan-Daniel"]
[WhiteFideId "12576468"]
[BlackFideId "1226380"]
[WhiteElo "2295"]
[BlackElo "2646"]
[Result "0-1"]
[Round "01"]
[TimeControl "180+1"]
[Date "2022.01.11"]
[WhiteClock "0:00:02"]
[BlackClock "0:00:12"]

1. Nf3 d5 2. c4 e6 3. g3 Nf6 4. Bg2 Be7 5. O-O O-O 6. d4 dxc4 7. Ne5 Qd6 8. Nxc4 Qa6 9. b3 Rd8 10. Bb2 c5 11. e3 Nc6 12. Re1 cxd4 13. exd4 b5 14. Ne5 Bb7 15. Nxc6 Bxc6 16. Bxc6 Qxc6 17. Nc3 Bb4 18. Rc1 Qb6 19. Qf3 Rac8 20. Red1 Bxc3 21. Bxc3 Nd5 22. Bb2 b4 23. Rc4 Qa5 24. Ra1 Nb6 25. Rxc8 Rxc8 26. Qe2 Nd5 27. a4 bxa3 28. Rxa3 Qb4 29. Rxa7 Qxb3 30. Ra3 Qb4 31. Ra1 Rb8 32. Ra2 h5 33. h4 Qb3 34. Ba1 Rc8 35. Kg2 Qb1 36. Ra7 Qb6 37. Qf3 Qxa7 0-1


[Site "https://www.chess.com"]

[Event "Titled Tuesday Blitz January 11 2022"]
[White "Dastan, Muhammed Batuhan"]
[Black "Cremisi, Daniel"]
[WhiteFideId "6300014"]
[BlackFideId "2089882"]
[WhiteElo "2410"]
[BlackElo "2172"]
[Result "1-0"]
[Round "01"]
[TimeControl "180+1"]
[Date "2022.01.11"]
[WhiteClock "0:00:21"]
[BlackClock "0:00:17"]

1. d4 d5 2. c4 e6 3. Nc3 c6 4. e4 Bb4 5. e5 Ne7 6. Nf3 O-O 7. Qb3 Bxc3+ 8. bxc3 b6 9. cxd5 cxd5 10. Ba3 Ba6 11. Bxa6 Nxa6 12. O-O Qd7 13. c4 dxc4 14. Qxc4 b5 15. Qd3 Rfd8 16. Rab1 Rab8 17. Bd6 Rb6 18. g4 Nc8 19. Ng5 g6 20. Qh3 f5 21. Ba3 fxg4 22. Qxg4 Qxd4 23. Ne4 Qxe5 24. Bb2 Qf5 25. Qh4 Rf8 26. Nf6+ Rxf6 27. Bxf6 Nc5 28. Rbc1 Nd6 29. Bd4 Nde4 30. Bxc5 Nxc5 31. Qd8+ Kg7 32. Qd4+ e5 33. Qh4 Ne6 34. Rfd1 Rb7 35. Rc3 Rf7 36. Re3 Nd4 37. Qg3 Nf3+ 38. Kh1 e4 39. Rf1 Nd2 40. Rd1 Qxf2 41. Qxf2 Rxf2 42. Kg1 Rf7 43. Rxd2 Re7 44. Rde2 Kf6 45. Rxe4 Rc7 46. Rf4+ Kg5 47. Rf1 Rc4 48. Kg2 Kh6 49. Rf3 Ra4 50. Rh3+ Kg7 51. Rhe3 Kf6 52. Re6+ Kg5 53. R6e4 Ra3 54. Re5+ Kf6 55. Rxb5 a6 56. Rb6+ Kg5 57. Rb3 Ra4 58. Rg3+ Kh6 59. Rf2 Kg7 60. Kf1 Kg8 61. Ke1 Ra5 62. Re2 Rd5 63. Rge3 Rb5 64. Rd3 Kg7 65. Rd7+ Kh6 66. Ree7 Ra5 67. Rxh7+ Kg5 68. Rd2 Kg4 69. Re7 g5 70. Re3 Kh4 71. Ke2 g4 72. Kd3 Rd5+ 73. Kc3 Rc5+ 74. Kb3 Rb5+ 75. Kc4 Rf5 76. Rg2 Rf4+ 77. Kd5 Ra4 78. Re4 Ra5+ 79. Kc6 Rg5 80. Rexg4+ Rxg4 81. Rxg4+ Kxg4 82. Kb6 Kh3 83. Kxa6 Kxh2 84. Kb6 1-0


[Site "https://www.chess.com"]

[Event "Titled Tuesday Blitz January 11 2022"]
[White "Demchenko, Anton"]
[Black "Kovacsy, Barnabas"]
[WhiteFideId "4160258"]
[BlackFideId "769290"]
[WhiteElo "2539"]
[BlackElo "1938"]
[Result "1/2-1/2"]
[Round "01"]
[TimeControl "180+1"]
[Date "2022.01.11"]
[WhiteClock "0:00:44"]
[BlackClock "0:00:31"]

1. e4 c5 2. Nf3 e6 3. g3 Nc6 4. Bg2 d5 5. exd5 exd5 6. O-O Bg4 7. h3 Bxf3 8. Qxf3 Nf6 9. Nc3 Nd4 10. Qd1 Be7 11. d3 O-O 12. Bg5 Re8 13. Kh2 Rc8 14. Bxf6 Bxf6 15. Nxd5 b5 16. c3 Nc6 17. a3 Qd6 18. Re1 Rcd8 19. Rxe8+ Rxe8 20. Qf3 Ne5 21. Qf5 Bd8 22. Rd1 g6 23. Qc8 Kf8 24. Qb7 h5 25. d4 cxd4 26. cxd4 Nc4 27. Qxb5 Nb6 28. Qc5 Qxc5 29. dxc5 Nxd5 30. Rxd5 Bf6 31. Rd2 Rc8 32. b4 a5 33. Bb7 Rc7 34. c6 axb4 35. axb4 Bc3 36. Rd3 Bxb4 37. h4 Be7 38. Kg2 Bf6 39. f4 Ke7 40. Kf3 Bb2 41. f5 Bf6 42. Kf4 Bg7 43. Re3+ Kf6 44. Re5 Bh6+ 45. Ke4 Bg7 46. Rd5 Ke7 47. Rb5 Bf6 48. Kf3 Bg7 49. Kf4 Bh6+ 50. Ke4 Bg7 51. Rd5 Bf6 52. Rd3 Bg7 53. Re3 Bh6 54. Re2 Kf6 55. fxg6 fxg6 56. Kf3 Bg7 57. Re8 Kf7 58. Ra8 Be5 59. Ra5 Ke6 60. Ra3 Rf7+ 61. Kg2 Rc7 62. Re3 Kf6 63. Kf3 Bd6 64. Ke4 Re7+ 65. Kd3 Rxe3+ 66. Kxe3 Bxg3 67. Kf3 Bc7 68. Ke4 g5 69. hxg5+ Kxg5 70. Bc8 h4 71. Bd7 Kf6 72. Kd5 Ke7 73. Ke4 Bg3 74. Kf3 Kd6 75. Kg4 Kc7 76. Kh3 Bd6 77. Kg2 Bc5 78. Kh3 Bd6 79. Kxh4 Bc5 80. Kg4 Bd6 81. Kf5 Bc5 82. Ke4 Bb6 83. Kd5 Ba5 84. Kc4 Be1 85. Kb5 Bg3 86. Ka4 Bf4 87. Kb4 Be5 88. Kc4 Bd6 89. Kd3 Bh2 90. Ke4 Bd6 91. Kd5 Bh2 92. Kd4 Bd6 93. Ke4 Ba3 94. Ke3 Bd6 95. Kf3 Ba3 96. Kf4 Bb4 97. Kf5 Ba3 98. Ke6 Bb4 99. Kd5 Ba3 100. Kc4 Bd6 101. Kb5 Bh2 102. Kc4 Bg3 103. Kd5 Bh2 104. Ke6 Bd6 105. Kf7 Ba3 106. Ke8 Bd6 107. Kf7 Bh2 108. Ke6 Bg3 109. Kf7 Bd6 110. Kf6 Bh2 111. Kf5 Bg3 112. Ke4 Bd6 113. Kd5 Ba3 114. Kc4 Bd6 1/2-1/2


[Site "https://www.chess.com"]

[Event "Titled Tuesday Blitz January 11 2022"]
[White "Di Nicolantonio, Lucas"]
[Black "Plotkin, Mark"]
[WhiteFideId "680460"]
[BlackFideId "2611651"]
[WhiteElo "2381"]
[BlackElo "2178"]
[Result "1-0"]
[Round "01"]
[TimeControl "180+1"]
[Date "2022.01.11"]
[WhiteClock "0:00:05"]
[BlackClock "0:00:49"]

1. d4 Nf6 2. Bg5 d5 3. Bxf6 exf6 4. e3 f5 5. g3 Nd7 6. Bg2 Nf6 7. Ne2 c6 8. O-O h5 9. h4 g5 10. hxg5 Ng4 11. Nd2 Qxg5 12. Nf3 Qh6 13. Nf4 Be7 14. Nh4 Bxh4 15. gxh4 Qf6 16. f3 Qxh4 17. fxg4 hxg4 18. Qe1 Qe7 19. Qg3 Bd7 20. Kf2 O-O-O 21. c3 Rhe8 22. Bxd5 b6 23. Bg2 Kb7 24. a4 Ka6 25. a5 b5 26. Nd3 Kb7 27. Nc5+ Ka8 28. Rfe1 Rc8 29. c4 bxc4 30. b3 cxb3 31. Rab1 Be6 32. Qe5 Qh4+ 33. Qg3 Qh6 34. Rh1 Qg5 35. Nxb3 f4 36. Qxf4 Qb5 37. Nc5 Qxa5 38. Rb8+ Rxb8 39. Bxc6+ Rb7 40. Bxb7# 1-0


[Site "https://www.chess.com"]

[Event "Titled Tuesday Blitz January 11 2022"]
[White "Erigaisi Arjun"]
[Black "Bychkov, Vladimir"]
[WhiteFideId "35009192"]
[BlackFideId "24151513"]
[WhiteElo "2745"]
[BlackElo "2253"]
[Result "1-0"]
[Round "01"]
[TimeControl "180+1"]
[Date "2022.01.11"]
[WhiteClock "0:00:38"]
[BlackClock "0:00:13"]

1. b3 d5 2. Bb2 c6 3. e3 Bf5 4. Nf3 Nf6 5. c4 e6 6. Nh4 Bg6 7. d3 Be7 8. Nd2 Nbd7 9. a3 Bh5 10. Be2 Bxe2 11. Qxe2 b5 12. O-O Rb8 13. b4 bxc4 14. dxc4 a5 15. cxd5 Nxd5 16. Nhf3 O-O 17. Nd4 Qb6 18. Rfc1 c5 19. Nc4 Qc7 20. Nxa5 Bf6 21. Ndb3 Qd6 22. Bxf6 N5xf6 23. Nxc5 Nxc5 24. Rxc5 Ne4 25. Rc4 Qe5 26. Rac1 Qf5 27. Nc6 Rb7 28. Qc2 Nd6 29. Qxf5 exf5 30. Rc5 g6 31. a4 Kg7 32. f3 Ra8 33. a5 Nb5 34. Kf2 Nc7 35. Re5 Ne6 36. b5 Kf6 37. f4 g5 38. g3 h5 39. a6 Rb6 40. Nd4 gxf4 41. gxf4 Nxd4 42. exd4 Rd8 43. Rc6+ Rxc6 44. bxc6 Rxd4 45. c7 Rxf4+ 46. Ke3 Rc4 47. Ra5 Rxc7 48. a7 1-0


[Site "https://www.chess.com"]

[Event "Titled Tuesday Blitz January 11 2022"]
[White "Fishbein, Mitch"]
[Black "Svane, Rasmus"]
[WhiteFideId "30922917"]
[BlackFideId "4657101"]
[WhiteElo "1939"]
[BlackElo "2645"]
[Result "0-1"]
[Round "01"]
[TimeControl "180+1"]
[Date "2022.01.11"]
[WhiteClock "0:02:14"]
[BlackClock "0:02:42"]

1. Nf3 d5 2. c4 e6 3. g3 dxc4 4. Qa4+ Bd7 5. Qxc4 c5 6. Bg2 Bc6 7. O-O Nf6 8. d4 Nbd7 9. Bf4 Rc8 10. dxc5 Bxc5 11. Nc3 Bxf3 0-1


[Site "https://www.chess.com"]

[Event "Titled Tuesday Blitz January 11 2022"]
[White "Hansen, Eric"]
[Black "Ianov, Viktor"]
[WhiteFideId "2606771"]
[BlackFideId "14102730"]
[WhiteElo "2568"]
[BlackElo "2215"]
[Result "1-0"]
[Round "01"]
[TimeControl "180+1"]
[Date "2022.01.11"]
[WhiteClock "0:00:57"]
[BlackClock "0:00:32"]

1. e4 d6 2. d4 Nf6 3. Nc3 c6 4. Nf3 Bg4 5. Be2 e6 6. O-O d5 7. Ne5 Bxe2 8. Qxe2 Nbd7 9. Rd1 Be7 10. a3 O-O 11. Bf4 Re8 12. h3 Nxe5 13. dxe5 Nd7 14. Rd3 Qa5 15. Rad1 Rac8 16. Rg3 Nf8 17. Rgd3 Ng6 18. Bg3 a6 19. Kh1 b5 20. Nb1 b4 21. axb4 Bxb4 22. f4 Qb5 23. Qf3 a5 24. h4 Ne7 25. h5 Qc4 26. exd5 cxd5 27. c3 Bc5 28. Bf2 Bxf2 29. Qxf2 h6 30. Na3 Qc6 31. Nc2 Rb8 32. Nd4 Qb6 33. R1d2 Nc6 34. Nxc6 Qxc6 35. f5 a4 36. f6 Qc4 37. Rd4 Qc5 38. Qg3 Qf8 39. Rg4 a3 40. bxa3 Rb1+ 41. Kh2 Reb8 42. Rdd4 Rc1 43. Rxg7+ Kh8 44. Qd3 Qxg7 45. fxg7+ Kxg7 46. Rg4+ Kf8 47. Qe3 Rbb1 48. Qc5+ Ke8 49. Rg8+ 1-0


[Site "https://www.chess.com"]

[Event "Titled Tuesday Blitz January 11 2022"]
[White "Horvath, Dominik"]
[Black "Schmidt, Tobias"]
[WhiteFideId "1642561"]
[BlackFideId "1271683"]
[WhiteElo "2336"]
[BlackElo "2328"]
[Result "1-0"]
[Round "01"]
[TimeControl "180+1"]
[Date "2022.01.11"]
[WhiteClock "0:00:25"]
[BlackClock "0:00:18"]

1. d4 e6 2. c4 Nf6 3. Nc3 Bb4 4. e3 O-O 5. Bd3 d5 6. cxd5 exd5 7. Ne2 c5 8. O-O Nc6 9. dxc5 Bxc5 10. Bc2 d4 11. Na4 b6 12. Nxc5 bxc5 13. Ba4 Bb7 14. Bxc6 Bxc6 15. exd4 Qd5 16. f3 Rfd8 17. Be3 Bb5 18. Nc3 Qc4 19. Nxb5 Qxb5 20. Qd2 Rd7 21. Rad1 Rad8 22. Qf2 c4 23. Rd2 Nd5 24. Re1 Nb4 25. Qg3 Qc6 26. Bg5 f6 27. Bh6 Nd3 28. Re4 Kh8 29. Rde2 Rxd4 30. Qxg7# 1-0


[Site "https://www.chess.com"]

[Event "Titled Tuesday Blitz January 11 2022"]
[White "Howell, David W L"]
[Black "Suarez Uriel, Adrian"]
[WhiteFideId "410608"]
[BlackFideId "22230874"]
[WhiteElo "2559"]
[BlackElo "2316"]
[Result "1-0"]
[Round "01"]
[TimeControl "180+1"]
[Date "2022.01.11"]
[WhiteClock "0:00:57"]
[BlackClock "0:01:27"]

1. d4 Nf6 2. c4 g6 3. Nc3 d5 4. Nf3 Bg7 5. cxd5 Nxd5 6. e4 Nxc3 7. bxc3 c5 8. Be3 O-O 9. Be2 b6 10. O-O Bb7 11. Qd3 Qc7 12. d5 Nd7 13. Rad1 Rad8 14. c4 e6 15. Rfe1 exd5 16. cxd5 Rfe8 17. Bg5 Rc8 18. Nd2 Ne5 19. Qc2 c4 20. a4 Qd7 21. Be3 c3 22. Nb1 Ng4 23. Bxg4 Qxg4 24. Bd4 Rc4 25. Bxg7 Kxg7 26. Nxc3 Rec8 27. Qb2 Rxc3 28. Rc1 1-0


[Site "https://www.chess.com"]

[Event "Titled Tuesday Blitz January 11 2022"]
[White "Jobava, Baadur"]
[Black "Osmak, Yuliia"]
[WhiteFideId "13601520"]
[BlackFideId "14101602"]
[WhiteElo "2617"]
[BlackElo "2302"]
[Result "1-0"]
[Round "01"]
[TimeControl "180+1"]
[Date "2022.01.11"]
[WhiteClock "0:00:18"]
[BlackClock "0:00:01"]

1. d4 Nf6 2. Nc3 d5 3. Bf4 a6 4. e3 c5 5. a3 Nc6 6. h3 cxd4 7. exd4 e6 8. Nf3 Bd6 9. Bxd6 Qxd6 10. Bd3 O-O 11. O-O Bd7 12. Re1 Rac8 13. Qd2 b5 14. Re3 Na5 15. Ne5 Nc4 16. Bxc4 dxc4 17. Rae1 Bc6 18. Rg3 g6 19. h4 Rc7 20. Qg5 Qd8 21. h5 Nd5 22. Qh6 Ne7 23. hxg6 fxg6 24. Qh3 Nf5 25. Nxg6 Nxg3 26. Nxf8 Qxf8 27. Qxe6+ Qf7 28. fxg3 Qxe6 29. Rxe6 Bb7 30. d5 Rd7 31. Re5 Kf7 32. g4 Kf6 33. Rf5+ Kg6 34. Kf2 Rd6 35. Ke3 Bc8 36. Rf4 h6 37. Kd4 Bb7 38. g3 Rd7 39. Kc5 Rc7+ 40. Kb6 Rd7 41. Kc5 Rc7+ 42. Kd6 Rg7 43. Ne4 Rh7 44. Rf6+ Kg7 45. Ke5 1-0


[Site "https://www.chess.com"]

[Event "Titled Tuesday Blitz January 11 2022"]
[White "Jovic, Stanoje"]
[Black "Yoo, Christopher Woojin"]
[WhiteFideId "905020"]
[BlackFideId "30909694"]
[WhiteElo "2286"]
[BlackElo "2105"]
[Result "0-1"]
[Round "01"]
[TimeControl "180+1"]
[Date "2022.01.11"]
[WhiteClock "0:00:04"]
[BlackClock "0:01:12"]

1. c4 e6 2. g3 d5 3. Bg2 Nf6 4. Nf3 Be7 5. O-O O-O 6. d4 dxc4 7. Ne5 Nd5 8. Nxc4 b5 9. Ne5 Bb7 10. e4 Nf6 11. Re1 c5 12. dxc5 Qxd1 13. Rxd1 Bxc5 14. Nc3 b4 15. Na4 Be7 16. f3 Nc6 17. Nd7 Rfd8 18. Nxf6+ Bxf6 19. Be3 Nd4 20. Bf2 Bc6 21. Nc5 Ne2+ 22. Kf1 Bb5 23. e5 Bxe5 24. Nd3 Rxd3 25. f4 Rxd1+ 0-1


[Site "https://www.chess.com"]

[Event "Titled Tuesday Blitz January 11 2022"]
[White "Karas, Marek"]
[Black "Cunjalo, Faris"]
[WhiteFideId "14928558"]
[BlackFideId "14410710"]
[WhiteElo "2270"]
[BlackElo "2263"]
[Result "0-1"]
[Round "01"]
[TimeControl "180+1"]
[Date "2022.01.11"]
[WhiteClock "0:00:57"]
[BlackClock "0:00:45"]

1. d4 Nf6 2. Bf4 e6 3. e3 d5 4. Nf3 Bd6 5. Bg3 O-O 6. Bd3 c5 7. c3 Qc7 8. dxc5 Qxc5 9. Nbd2 Nbd7 10. e4 dxe4 11. Nxe4 Nxe4 12. Bxe4 Bxg3 13. hxg3 Nf6 14. Bc2 h6 15. Qd3 e5 16. Nd2 Be6 17. Ne4 Nxe4 18. Qxe4 f5 19. Qe3 Qxe3+ 20. fxe3 Kf7 21. Kf2 Ke7 22. a3 Rac8 23. Rad1 Rc6 24. Rd2 Rb6 25. Bb1 Rd8 26. Rhd1 Rxb2 27. Rxb2 Rxd1 28. Rxb7+ Kf6 29. Ke2 Rg1 30. Kf2 Rxg2+ 31. Kxg2 Bd5+ 32. Kf2 Bxb7 33. Ba2 g5 34. c4 h5 35. c5 h4 36. gxh4 gxh4 37. Bb3 Bc6 38. Bc4 f4 39. exf4 exf4 40. Bf1 Ke5 0-1


[Site "https://www.chess.com"]

[Event "Titled Tuesday Blitz January 11 2022"]
[White "Leenhouts, Koen"]
[Black "Kevlishvili, Robby"]
[WhiteFideId "1008439"]
[BlackFideId "1040634"]
[WhiteElo "2409"]
[BlackElo "2584"]
[Result "0-1"]
[Round "01"]
[TimeControl "180+1"]
[Date "2022.01.11"]
[WhiteClock "0:00:35"]
[BlackClock "0:01:02"]

1. d4 d5 2. c4 c6 3. Nf3 Nf6 4. g3 Bf5 5. Nc3 e6 6. Nh4 Bg6 7. Qb3 Qb6 8. c5 Qc7 9. Bf4 Qc8 10. Nxg6 hxg6 11. Bg2 Nbd7 12. e4 dxe4 13. Nxe4 Nxe4 14. Bxe4 Be7 15. O-O-O Nf6 16. Bf3 Qd7 17. h4 Nd5 18. Bxd5 cxd5 19. Kb1 O-O 20. h5 g5 21. Be3 b6 22. Rc1 bxc5 23. dxc5 Bf6 24. c6 Qc7 25. Qb7 Rab8 26. Qxc7 Rxb2+ 27. Ka1 Rb7+ 28. Rc3 Bxc3# 0-1


[Site "https://www.chess.com"]

[Event "Titled Tuesday Blitz January 11 2022"]
[White "Lehtosaari, Mauri"]
[Black "Chigaev, Maksim"]
[WhiteFideId "501999"]
[BlackFideId "4108116"]
[WhiteElo "2482"]
[BlackElo "2502"]
[Result "0-1"]
[Round "01"]
[TimeControl "180+1"]
[Date "2022.01.11"]
[WhiteClock "0:01:34"]
[BlackClock "0:02:12"]

1. d4 Nf6 2. Nf3 d5 3. Bg5 Bf5 4. Nbd2 e6 5. e3 Nbd7 6. c4 c6 7. Qb3 Qb6 8. c5 Qc7 9. h3 h6 10. Bf4 Qc8 11. Be2 Be7 12. Qd1 O-O 13. O-O Ne4 14. Nxe4 Bxe4 15. b4 a6 16. a4 Re8 17. Ne5 Bf6 18. Nxd7 Qxd7 19. Qb3 e5 20. dxe5 Bxe5 21. Rfe1 Bxa1 22. Rxa1 Qe6 23. Rd1 Qg6 0-1


[Site "https://www.chess.com"]